Match 24609972
Unlisted

Match 24609972
End
Vickers Machine Gun Team
Construct Section Command Post
Selects Air and Sea Battlegroup
Infantry Section
Infantry Section
ML 3-inch Mortar Team
Construct Platoon Command Post
Unlock M3 Stuart Light Tanks
Selects Commando Section Paradrop
Grenade Package
Selects M1 Pack Howitzer Paradrop
M3 Stuart Light Tank
gb_gbg
SneaKerz
tkech
geitje1
0
0

Comments sign in to comment!

No comments posted yet!